Map: Acropolis LE

Players

puCK (Nina) - Winner!

  • Race: Protoss Protoss
  • Spawn Location: 11:00

FoxeR

  • Race: Terran Terran
  • Spawn Location: 5:00

VOD

Have the link to the VOD?

Description

Time

  • Played on: Sept. 6, 2019, 12:29 p.m.
  • Length: 6:44
Show
View Real Time Build Order
Export as new Build Order

puCK Protoss - Winner!

Build Orders:  

Get SALT Encoding   

  12  0:00  Probe  
  13  0:12  Probe  
  14  0:17  Pylon  
  14  0:24  Probe  
  15  0:33  Probe  
  15  0:38  Gateway  
  15  0:41  Probe  
  16  0:48  Assimilator  
  17  0:51  Probe  
  18  1:03  Probe  
  19  1:15  Probe  
  20  1:26  Cybernetics Core, Assimilator  
  20  1:27  Probe  
  21  1:34  Assimilator  
  21  1:37  Pylon  
  22  1:40  Probe  
  22  1:52  Probe, Stalker  
  23  2:00  Pylon  
  23  2:02  Warp Gate  
  23  2:04  Probe  
  26  2:11  Gateway  
  26  2:15  Gateway  
  26  2:23  Shield Battery  
  26  2:29  Stalker  
  26  2:34  Probe  
  27  2:41  Shield Battery  
  29  2:45  Robotics Facility  
  29  2:52  Probe  
  30  2:59  Stalker  
  32  3:06  Stalker  
  34  3:14  Probe  
  35  3:26  Pylon  
  35  3:36  Nexus  
  35  3:40  Warp Prism  
  37  3:59  Pylon  
  37  4:04  Probe  
  38  4:10  Observer  
  39  4:20  Stalker x2  
  39  4:23  Stalker  
  45  4:25  Probe  
  46  4:37  Probe  
  47  4:49  Probe  
  47  4:50  Stalker x2  
  47  4:52  Zealot  
  54  4:55  Probe  
  51  5:16  Probe x2  
  47  5:22  Observer  
  47  5:23  Stalker x3  
  47  5:27  Probe, Twilight Council  
  47  5:28  Probe  
  54  5:32  Observer, Pylon  
  55  5:35  Probe  
  55  5:40  Probe  
  58  5:44  Probe  
  59  5:52  Probe  
  59  5:53  Stalker x3  
  66  5:59  Probe  
  67  6:07  Probe  
  62  6:19  Stalker x3  
  62  6:20  Probe  
  69  6:28  Probe  
  70  6:35  Assimilator  
  70  6:37  Pylon, Assimilator  
  70  6:39  Pylon  
Show
View Real Time Build Order
Export as new Build Order

FoxeR Terran 

Build Orders:  

Get SALT Encoding   

  12  0:00  SCV  
  13  0:12  SCV  
  14  0:17  Supply Depot  
  14  0:25  SCV  
  15  0:40  Barracks  
  15  0:50  Barracks  
  15  0:53  SCV  
  16  1:05  SCV  
  16  1:07  Refinery  
  17  1:18  SCV  
  18  1:27  Marine  
  18  1:32  Orbital Command  
  19  1:38  Marine  
  20  1:42  Bunker, Supply Depot  
  20  1:48  Marine  
  21  1:56  Marine  
  21  2:00  SCV  
  23  2:07  Marine  
  25  2:18  SCV  
  26  2:25  Marine  
  26  2:28  Factory  
  26  2:30  SCV  
  26  2:40  Supply Depot  
  26  2:42  SCV  
  27  2:54  SCV  
  28  3:02  Supply Depot  
  28  3:07  SCV  
  28  3:11  Factory Tech Lab  
  29  3:13  Starport  
  29  3:19  SCV  
  29  3:21  Bunker  
  29  3:33  Cyclone  
  32  3:41  Command Center, SCV  
  33  3:53  SCV  
  33  3:54  Refinery  
  34  4:01  Viking  
  35  4:06  SCV  
  38  4:10  Widow Mine  
  38  4:18  Barracks Tech Lab, SCV  
  38  4:23  Engineering Bay  
  39  4:30  SCV  
  40  4:33  Widow Mine  
  42  4:39  Viking  
  42  4:42  SCV  
  45  4:54  SCV  
  45  4:55  Orbital Command  
  45  5:09  SCV  
  39  5:15  Orbital Command  
  39  5:21  SCV  
  35  5:22  Marine  
  35  5:31  Siege Tank  
  35  5:33  SCV  
  39  5:40  Starport Reactor  
  39  5:42  SCV  
  40  5:45  SCV  
  41  5:52  Marine  
  41  5:54  SCV  
  43  5:57  SCV  
  43  6:01  Barracks  
  43  6:02  Barracks  
  44  6:07  SCV  
  44  6:09  SCV  
  44  6:10  Marine  
  32  6:19  SCV  
  32  6:21  SCV  
  28  6:31  SCV  
  23  6:39  Starport Reactor  
Tags
 
Add a new tag
Caveats
  • Supply blocks, unpowered buildings, or Contaminate may cause inaccurate times.
  • Supply counts are checked every 10 seconds.